 Dungeon Crawl Stone Soup version 0.29-a0-962-gc8bbfd0a37 (webtiles) character file.

Game seed: 15731614559722971297

6 spaghetti the Caller (level 1, -1/14 HPs)
             Began as a Mummy Summoner on July 31, 2022.
             Slain by an endoplasm (2 damage)
             ... on level 1 of the Dungeon.
             The game lasted 00:00:41 (166 turns).

spaghetti the Caller (Mummy Summoner)                Turns: 166, Time: 00:00:41

Health: -1/14      AC:  3    Str: 11    XL:     1   Next: 75%
Magic:  0/4        EV: 12    Int: 14    God:
Gold:   17         SH:  0    Dex: 12    Spells: 4/5 levels left

rFire   x . .      SeeInvis .   (no weapon)
rCold   + . .      Faith    .   (no shield)
rNeg    + + +      Spirit   .   a - +1 robe
rPois   ∞          Reflect  .   (no helmet)
rElec   .          Harm     .   (no cloak)
rCorr   .          Rampage  .   (no gloves)
Will    .....                   (no boots)
Stlth   ++........              (no amulet)
HPRegen 0.04/turn               (no ring)
MPRegen 0.09/turn               (no ring)

@: no status effects
A: cold resistance 1, negative energy resistance 3, torment resistance 2, heat
vulnerability 1, no potions
a: no special abilities


You were on level 1 of the Dungeon.
You visited 1 branch of the dungeon, and saw 1 of its levels.

You collected 17 gold pieces.


Innate Abilities, Weirdness & Mutations

You are immune to poison.
Your flesh is cold resistant. (rC+)
You are immune to negative energy. (rN+++)
You are immune to unholy pain and torment.
You are vulnerable to heat. (rF-)
You do not drink.


   Skills:
 + Level 0.5 Fighting
 - Level 1.5 Dodging
 - Level 1.5 Stealth
 + Level 2.9 Spellcasting
 + Level 3.3 Summonings


You had 4 spell levels left.
You knew the following spells:

 Your Spells              Type           Power      Damage    Failure   Level
a - Summon Small Mammal   Summ           44%        N/A       5%          1

Your spell library contained the following spells:

 Spells                   Type           Power      Damage    Failure   Level
 Call Imp                 Summ           11%        N/A       9%          2
 Call Canine Familiar     Summ           11%        N/A       16%         3
 Summon Guardian Golem    Hex/Summ       6%         N/A       32%         3
 Summon Lightning Spire   Summ/Air       6%         N/A       71%         4

Inventory:

Armour
 a - a +1 robe (worn)
Scrolls
 b - a scroll of identify {@r1}

Dungeon Overview and Level Annotations

Branches:
Dungeon (1/15) Zot: 5833

Altars:

#### ...#### ### .......
.... ....... #..#####.......
#............. #..g[g......
#.#.#J######### #.#...@.#
.... #.###.#.###.#
#..#.......!...#
#..#.###...##..#### #..#.#
##..##..#..#
#..#.####..##..#..####.###
##..#....................>#
##...#.#####..#.....####...#
#....#.# #..##.#..########


You could see an endoplasm and a goblin.


Message History

The goblin barely misses you.
Your rat bites the hobgoblin but does no damage.
The endoplasm hits you but does no damage.
The hobgoblin closely misses you. 😕 MP[-1]
You lost 1 mp, and now have 0/4 mp.
Unknown command.
You closely miss the hobgoblin. The goblin hits you with a +0 club.
Your rat bites the hobgoblin.
The endoplasm freezes you.
You are frozen.
You resist.
The hobgoblin closely misses you. 😮 HP[-3]
You take 3 damage, and now have 10/14 hp.
MASSIVE DAMAGE!! (PAUSE)
You barely miss the hobgoblin.
Your rat barely misses the hobgoblin. x2
The hobgoblin closely misses you. The goblin misses you.
The endoplasm freezes you.
You are frozen.
You resist. 😮 HP[-2]
You take 2 damage, and now have 8/14 hp.
You hit the hobgoblin but do no damage. The hobgoblin barely misses you.
Your rat bites the hobgoblin but does no damage.
The endoplasm freezes you.
You are frozen.
You resist.
Your rat bites the hobgoblin but does no damage.
The goblin barely misses you.
You hit the hobgoblin.
Your rat barely misses the hobgoblin.
The goblin hits you but does no damage. The endoplasm hits you.
* * * LOW HITPOINT WARNING * * *
Your rat bites the hobgoblin but does no damage.
The hobgoblin hits you.
* * * LOW HITPOINT WARNING * * *
😨 HP[-4] MP[+1]
You take 4 damage, and now have 4/14 hp.
MASSIVE DAMAGE!! (PAUSE) Unknown command.
You barely miss the hobgoblin.
Your rat bites the hobgoblin but does no damage.
The hobgoblin barely misses your rat. The endoplasm freezes you.
You are frozen.
You resist.
* * * LOW HITPOINT WARNING * * *
Your rat closely misses the hobgoblin.
The goblin barely misses you. 😱 HP[-2]
You take 2 damage, and now have 2/14 hp.
Unknown command.
Unknown command.
The goblin attacks as you move away! The goblin closely misses you.
Your rat barely misses the hobgoblin.
The hobgoblin hits your rat.
Your rat dies!
Your rat's corpse disappears in a puff of smoke!
Your rat bites the hobgoblin but does no damage.
Unknown command.
Unknown command.
Unknown command.
Something hits your rat.
Unknown command.
Unknown command.
Casting: Summon Small Mammal (safe; 5% risk of failure)
Confirm with . or Enter, or press ? or * to list all spells.
The hobgoblin hits your rat but does no damage.
Something barely misses your rat.
Your rat bites the hobgoblin.
The hobgoblin dies! 😱 MP[-1]
You lost 1 mp, and now have 0/4 mp.
Unknown command.
Unknown command.
You start resting.
Something barely misses your bat.
Your bat hits the endoplasm. You hit the endoplasm but do no damage.
Your bat hits the endoplasm but does no damage. x2
The endoplasm misses you. Something hits your bat.
Your bat dies!
Your bat's corpse disappears in a puff of smoke!
Your rat bites the endoplasm but does no damage.
You completely miss the endoplasm. The endoplasm freezes you.
You are frozen.
You resist.
* * * LOW HITPOINT WARNING * * *
Your rat barely misses the endoplasm. 😱 HP[-1]
You take 1 damage, and now have 1/14 hp.
Unknown command.
Unknown command.
Casting: Summon Small Mammal (safe; 5% risk of failure)
Confirm with . or Enter, or press ? or * to list all spells.
You don't have enough magic to cast this spell.
As you read the scroll labelled QUEPSOD AWICW, it crumbles to dust.
It is a scroll of enchant armour.
Your +0 robe glows green for a moment.
Your rat bites the endoplasm.
The endoplasm freezes your rat.
Your rat is frozen.
Your rat dies!
Your rat's corpse disappears in a puff of smoke!
The endoplasm quivers.
As you read the scroll labelled RUPPAO PISY, it crumbles to dust.
It is a scroll of identify.
You don't have any unidentified items.
The endoplasm hits you.
You die...

Action                   || total
-------------------------++-------
Melee: Unarmed           ||    18
       Punch             ||     1
 Cast: Summon Small Mamm ||    10
  Use: Scroll            ||     2
Armor: Robe              ||     4
Dodge: Dodged            ||    16

Levels and vault maps discovered:
D:1:      giann_horns, layout_basic, hellmonk_ecumenical_altar_inner_sanctum

Notes
Turn   | Place    | Note
-------+----------+-------------------------------------------
     0 | D:1      | spaghetti the Mummy Summoner began the quest for the Orb.
     0 | D:1      | Reached XP level 1. HP: 13/13 MP: 4/4
     0 | D:1      | magus.rc [v1.9.6]
   158 | D:1      | HP: 2/14 [frozen (2)]
   164 | D:1      | HP: 1/14 [frozen (1)]
   166 | D:1      | Slain by an endoplasm

Vanquished Creatures
  An endoplasm (D:1)
  A hobgoblin (D:1)
  A rat (D:1)
3 creatures vanquished.

Vanquished Creatures (collateral kills)
  An endoplasm (D:1)
  A hobgoblin (D:1)
2 creatures vanquished.

Grand Total: 5 creatures vanquished

Table legend:
 A = Non-vault XP
 B = Vault XP
 C = Vault XP percentage of total XP
 D = Non-vault monster count
 E = Vault monster count
 F = Vault count percentage of total count
                 A         B        C        D         E       F
            +---------+---------+-------+---------+---------+-------
      Total |       9 |       0 |   0.0 |       5 |       0 |   0.0
            +---------+---------+-------+---------+---------+-------
        D:1 |       9 |       0 |   0.0 |       5 |       0 |   0.0
            +---------+---------+-------+---------+---------+-------

Illustrated notes

Table legend:
 A = Kills in this place as a percentage of kills in entire the game.
 B = Kills by you in this place as a percentage of kills by you in the entire game.
 C = Kills by friends in this place as a percentage of kills by friends in the entire game.
 D = Other kills in this place as a percentage of other kills in the entire game.
 E = Experience gained in this place as a percentage of experience gained in the entire game.
 F = Experience gained in this place divided by the number of levels of this place that you have seen.
                   A       B       C       D       E      F
               +-------+-------+-------+-------+-------+----------------------
         Total | 100.0 | 100.0 | 100.0 |   N/A | 100.0 |   9.0
       Dungeon | 100.0 | 100.0 | 100.0 |   N/A | 100.0 |   9.0
               +-------+-------+-------+-------+-------+----------------------

Table legend: (Time is in decaauts)
 A = Elapsed time spent in this place.
 B = Non-inter-level travel time spent in this place.
 C = Inter-level travel time spent in this place.
 D = Time resting spent in this place.
 E = Time spent auto-exploring this place.
 F = Levels seen in this place.
 G = Mean time per level.
                   A        B        C        D        E       F      G
               +--------+--------+--------+--------+--------+-----+--------+
         Total |    166 |    166 |      0 |      0 |    119 |   1 |  166.0 |
       Dungeon |    166 |    166 |      0 |      0 |    119 |   1 |  166.0 |
               +--------+--------+--------+--------+--------+-----+--------+

Top non-repeatable levels by time:
     D:1: 166 daAuts
